 Dungeon Crawl Stone Soup version 0.32-a0-141-g04fe69798e (webtiles) character file.

Game seed: 15386378841416065156

556 Gladio the Ruffian (level 7, -1/54 (55) HPs)
             Began as a Demonspawn Shapeshifter on Feb 11, 2024.
             Slain by Pikel
             ... wielding a +0 whip of freezing
              (2 damage)
             ... on level 5 of the Dungeon.
             The game lasted 00:06:05 (4220 turns).

Gladio the Ruffian (Demonspawn Shapeshifter)        Turns: 4220, Time: 00:06:06

HP:   -1/54 (55)    AC: 12    Str: 16    XL:     7   Next: 8%
MP:   7/7           EV:  4    Int: 10    God:
Gold: 158           SH:  4    Dex: 13    Spells: 6/6 levels left

rFire   . .          .
                       - Unarmed
rCold   . . .        o - +0 buckler
rNeg    . . .        e - +0 plate armour
rPois   .            h - +0 helmet
rElec   .            (no cloak)
rCorr   .            (no gloves)
SInv    .            (no boots)
Will    .....        (no amulet) Stlth
                     (no ring)
HPRegen 0.29/turn    (no ring)
MPRegen 0.10/turn

%: no passive effects
@: hasted, lightly drained, invisible, very quick
A: hooves 1, rugged brown scales 1, demonic magic 2
a: no special abilities


You were on level 5 of the Dungeon.
You visited 1 branch of the dungeon, and saw 5 of its levels.
You also visited: Sewer.

You collected 158 gold pieces.

Inventory:

Armour
 a - a +0 animal skin
 e - a +0 plate armour (worn)
 h - a +0 helmet (worn)
 o - a +0 buckler (worn)
Talismans
 c - a beast talisman
 d - a flux talisman
Wands
 m - a wand of iceblast (8)
 p - a wand of flame (4)
Scrolls
 f - 2 scrolls of immolation
 g - a scroll of enchant armour {unknown}
 k - 2 scrolls of silence
 l - a scroll of revelation
 s - a scroll of amnesia {unknown}
 y - a scroll of enchant weapon {unknown}
Potions
 b - 2 potions of lignification
 i - 3 potions of curing
 j - a potion of heal wounds {unknown}
 n - a potion of haste
 q - 3 potions of invisibility
 r - a potion of magic
 t - 3 potions of mutation
 u - 2 potions of might {unknown}
 w - a potion of resistance
 x - a potion of brilliance {unknown}
 z - a potion of cancellation {unknown}


   Skills:
 + Level 4.3 Fighting
 - Level 1.7 Dodging
 * Level 6.2 Unarmed Combat
 - Level 2.8 Shapeshifting


You had 6 spell levels left.
You didn't know any spells.
Your spell library contained the following spells:

 Spells                   Type           Power      Damage    Failure   Level
 Kiss of Death            Conj/Necr      0%         2d5       100%        1
 Confusing Touch          Hex            0%         N/A       100%        3
 Tukima's Dance           Hex            0%         N/A       100%        3
 Dispel Undead            Necr           0%         3d6       100%        4
 Passage of Golubria      Tloc           0%         N/A       100%        4
 Yara's Violent Unravell  Hex/Alch       0%         3d3       100%        5


Dungeon Overview and Level Annotations

Branches:
Dungeon (5/15)              Sewer (visited)
 Temple: D:4-7

Altars:

Annotations:
D:4 2 transporters
D:5 Pikel


Innate Abilities, Weirdness & Mutations

You have large cloven feet.
You are partially covered in rugged brown scales. (AC +1, +3% HP)
Spells you cast may paralyse nearby enemies.


Message History

You hit Pikel. Your kick misses Pikel.
Pikel is lightly wounded.
Pikel hits you with a +0 whip of freezing.
Pikel freezes you. The lemure hits you.
The lemure hits you but does no damage. x2
You closely miss Pikel. You kick Pikel.
Pikel is moderately wounded.
Pikel hits you with a +0 whip of freezing.
Pikel freezes you. The lemure hits you but does no damage.
The lemure barely misses you. The lemure hits you but does no damage.
You closely miss Pikel.
Pikel is moderately wounded.
You closely miss Pikel. Your kick misses Pikel.
Pikel is moderately wounded.
Pikel barely misses you.
The lemure hits you but does no damage. x2
You block the lemure's attack.
You hit Pikel but do no damage.
Pikel is moderately wounded.
The lemure hits you but does no damage.
Pikel hits you with a +0 whip of freezing.
* * * LOW HITPOINT WARNING * * *
Pikel freezes you.
* * * LOW HITPOINT WARNING * * *
The lemure hits you.
* * * LOW HITPOINT WARNING * * *
The lemure barely misses you.
You hit Pikel but do no damage. Your kick misses Pikel.
Pikel is moderately wounded.
The lemure hits you but does no damage.
Pikel hits you with a +0 whip of freezing.
* * * LOW HITPOINT WARNING * * *
Pikel freezes you.
* * * LOW HITPOINT WARNING * * *
You block the lemure's attack. The lemure barely misses you.
You feel yourself speed up.
Pikel hits you with a +0 whip of freezing!
* * * LOW HITPOINT WARNING * * *
Pikel freezes you.
You die...
Pikel says, "See you in Hell!"

##...:##.....
##..#.........
##..#..........
..###..#........?..
#...#..........(....
#...................
............5.......
...........@K5......
...........55.......
......~~~...........
.....~~~~~..........
.....~~.~~.......###
##...~~~~~......##
##....~~~.......#
###............#..#
###.................#


You could see Pikel (unable to see you) and 4 lemures.

Vanquished Creatures
  2 kobold brigands (Sewer)
  A brain worm (Sewer)
  A scorpion (D:3)
  A bombardier beetle (D:4)
  A jelly (D:5)
  Jessica (D:3)
  Robin (D:4)
  3 adders
  6 gnolls (D:5)
  2 river rats (D:5)
  A white imp (D:5)
  A dart slug (D:2)
  2 ribbon worms
  An orc (D:4)
  5 ball pythons
  7 endoplasms
  3 giant cockroaches
  11 goblins
  11 hobgoblins
  5 jackals
  A quokka (D:1)
  6 bats
  4 frilled lizards
  15 kobolds
  12 rats
104 creatures vanquished.

Notes
Turn   | Place    | Note
-------+----------+-------------------------------------------
     0 | D:1      | Gladio the Demonspawn Shapeshifter began the quest for the
                  | Orb.
     0 | D:1      | Reached XP level 1. HP: 15/15 MP: 1/1
   128 | D:1      | Reached skill level 3 in Unarmed Combat
   146 | D:1      | Gained mutation: You are partially covered in rugged brown
                  | scales. (AC +1, +3% HP) [demonic ancestry]
   146 | D:1      | Reached XP level 2. HP: 15/21 MP: 2/2
   682 | D:2      | Reached XP level 3. HP: 27/27 MP: 3/3
   922 | D:2      | Identified the +2 leather armour "Zubreir" {Str+4 Int-5}
  2508 | D:3      | Noticed Jessica
  2519 | D:3      | Killed Jessica
  2520 | D:3      | Reached skill level 4 in Unarmed Combat
  2520 | D:3      | Gained mutation: Spells you cast may paralyse adjacent
                  | enemies. [demonic ancestry]
  2520 | D:3      | Reached XP level 4. HP: 32/35 MP: 4/4
  2538 | D:3      | Noticed a scorpion
  2546 | D:3      | Killed a scorpion
  2547 | D:3      | Gained mutation: You have large cloven feet. [demonic
                  | ancestry]
  2547 | D:3      | Reached XP level 5. HP: 40/41 MP: 5/5
  2635 | D:4      | Noticed Robin
  2657 | D:4      | Killed Robin
  2883 | D:4      | Found a transporter.
  3107 | D:4      | Found a transporter.
  3256 | D:5      | Entered Level 5 of the Dungeon
  3266 | D:5      | Reached skill level 5 in Unarmed Combat
  3276 | D:5      | Reached XP level 6. HP: 24/48 MP: 6/6
  3558 | D:5      | Found a glowing drain.
  3599 | Sewer    | Entered a sewer
  3803 | Sewer    | Reached skill level 6 in Unarmed Combat
  4113 | Sewer    | Gained mutation: Spells you cast may paralyse nearby
                  | enemies. [demonic ancestry]
  4113 | Sewer    | Reached XP level 7. HP: 33/54 MP: 7/7
  4203 | D:5      | Noticed Pikel
  4220 | D:5      | HP: 1/54 [Pikel/+0 whip of freezing (7)]
  4220 | D:5      | Slain by Pikel

Illustrated notes

Levels and vault maps discovered:
D:1:      scummos_arrival_forest, layout_loops_ring
D:2:      layout_basic, kennysheep_nondescript, minmay_misc_feat_encased,
          minmay_mini_jars
D:3:      layout_basic, uniq_jessica
D:4:      gammafunk_cloud_chamber, layout_loops_cross, uniq_robin
D:5:      layout_layer_cave, serial_shops, nicolae_shop_trees,
          portal_sewer_entry_a, nicolae_hexahallways, uniq_pikel

Skill      XL: |  1  2  3  4  5  6 |
---------------+-------------------+-----
Unarmed Combat | 3 4 5 6 |  6.2
Fighting       | 2 3 4 |  4.3
Dodging        | |  1.7
Shapeshifting  | |  2.8

Action                     |  1- 3 |  4- 6 |  7- 9 || total
---------------------------+-------+-------+-------++-------
  Melee: Unarmed           |   108 |   206 |    14 ||   328
         Punch             |     5 |       |       ||     5
         Kick              |       |    33 |     5 ||    38
Ability: Begin Untransform |       |     1 |       ||     1
    Use: Scroll            |       |     6 |     2 ||     8
         Potion            |       |     1 |     2 ||     3
 Armour: Plate armour      |    87 |   216 |    26 ||   329
         Animal skin       |     5 |       |       ||     5
         Skin              |       |    34 |       ||    34
  Dodge: Dodged            |    21 |    50 |     8 ||    79
  Block: Buckler           |     2 |    57 |     4 ||    63

Table legend: (Time is in decaauts)
 A = Elapsed time spent in this place.
 B = Non-inter-level travel time spent in this place.
 C = Inter-level travel time spent in this place.
 D = Time resting spent in this place.
 E = Time spent auto-exploring this place.
 F = Levels seen in this place.
 G = Mean time per level.
                   A        B        C        D        E       F      G
               +--------+--------+--------+--------+--------+-----+--------+
         Total |   4224 |   3984 |    240 |    121 |   3245 |   6 |  704.0 |
       Dungeon |   3608 |   3368 |    240 |      0 |   2884 |   5 |  721.6 |
         Sewer |    615 |    615 |      0 |    121 |    361 |   1 |  615.0 |
               +--------+--------+--------+--------+--------+-----+--------+

Top non-repeatable levels by time:
     D:2: 1037 daAuts
     D:3: 929 daAuts
     D:4: 666 daAuts
   Sewer: 615 daAuts
     D:1: 613 daAuts
     D:5: 361 daAuts
